HSSL
MASCONOMET HS CHIEFTANS @ RANDALL HS RAIDERS
04/28/2027
 
TOP OF THE 1ST
Masconomet HS Chieftans batting - Pitching for Randall HS Raiders : RHP Jacob Bowden
Pitching: RHP Jacob Bowden
Batting: RHB Ryan Beck 0-0: Called Strike
0-1: Foul Ball, location: 2F
0-2: Foul Ball, location: 2F
0-2: Foul Ball, location: 2F
0-2: Ball
1-2: Foul Ball, location: 2F
1-2: Foul Ball, location: 2F
1-2: Ball
2-2: Foul Ball, location: 2F
2-2: Strikes out swinging
Batting: SHB Vicente Ramírez 0-0: Ball
1-0: Ball
2-0: Ball
3-0: Called Strike
3-1: Foul Ball, location: 2F
3-2: Base on Balls
Batting: RHB Josh Martin 0-0: Swinging Strike
0-1: Ball
1-1: Swinging Strike
1-2: Ball
2-2: Foul Ball, location: 2F
2-2: SINGLE (Flyball, 8LS)
Vicente Ramírez to second
Runner from 2nd tries for 3rd, SAFE, throw made to third
Batting: RHB Burt Scott 0-0: Ball
1-0: Called Strike
1-1: Swinging Strike
1-2: Ball
2-2: Ball
3-2: Strikes out swinging
Josh Martin is caught stealing 2nd base
Batter strikes out.
Top of the 1st over - 0 run(s), 1 hit(s), 0 error(s), 1 left on base; Masconomet HS 0 - Randall HS 0
BOTTOM OF THE 1ST
Randall HS Raiders batting - Pitching for Masconomet HS Chieftans : RHP Luis Aponte
Pitching: RHP Luis Aponte
Batting: RHB Jesús Salazar 0-0: Foul Ball, location: 2F
0-1: Called Strike
0-2: Ball
1-2: Ball
2-2: Foul Ball, location: 2F
2-2: Foul Ball, location: 2F
2-2: Ball
3-2: Ground out 5-3 (Groundball, 56)
Batting: RHB Mike Connor 0-0: Ball
1-0: Swinging Strike
1-1: Ball
2-1: Foul Ball, location: 2F
2-2: Ball
3-2: Foul Ball, location: 2F
3-2: Ground out 5-3 (Groundball, 56S)
Batting: LHB Buddy Jones 0-0: Called Strike
0-1: Ball
1-1: Called Strike
1-2: Foul Ball, location: 2F
1-2: Ball
2-2: Foul Ball, location: 2F
2-2: SINGLE (Line Drive, 8RS)
Batting: LHB José Gonzáles 0-0: Foul Ball, location: 2F
0-1: Called Strike
0-2: Strikes out swinging
Bottom of the 1st over - 0 run(s), 1 hit(s), 0 error(s), 1 left on base; Masconomet HS 0 - Randall HS 0
TOP OF THE 2ND
Masconomet HS Chieftans batting - Pitching for Randall HS Raiders : RHP Jacob Bowden
Batting: LHB David Hebert 0-0: Fly out, F9 (Flyball, 9LMF)
Batting: RHB Jack Bowman 0-0: Ground out 6-3 (Groundball, 6)
Batting: LHB José Gallardo 0-0: Called Strike
0-1: Foul Ball, location: 2F
0-2: Ball
1-2: Fly out, F5 (Line Drive, 56)
Top of the 2nd over - 0 run(s), 0 hit(s), 0 error(s), 0 left on base; Masconomet HS 0 - Randall HS 0
BOTTOM OF THE 2ND
Randall HS Raiders batting - Pitching for Masconomet HS Chieftans : RHP Luis Aponte
Batting: RHB Stephen McNeely 0-0: Ball
1-0: Swinging Strike
1-1: Ball
2-1: Swinging Strike
2-2: Foul Ball, location: 2F
2-2: Fly out, F9 (Flyball, 9D)
Batting: LHB Luis Antonio Cortéz 0-0: Ball
1-0: SINGLE (Groundball, 4MD)
Batting: RHB Flynn Roberts 0-0: Ball
1-0: Called Strike
Luis Antonio Cortéz steals 2nd base
1-1: Ball
2-1: Called Strike
2-2: Strikes out swinging
Batting: RHB Cisco Villa 0-0: Ball
1-0: Swinging Strike
1-1: Ball
2-1: Called Strike
2-2: Strikes out swinging
Bottom of the 2nd over - 0 run(s), 1 hit(s), 0 error(s), 1 left on base; Masconomet HS 0 - Randall HS 0
TOP OF THE 3RD
Masconomet HS Chieftans batting - Pitching for Randall HS Raiders : RHP Jacob Bowden
Batting: RHB Frank Music 0-0: Ball
1-0: Fly out, F9 (Line Drive, 9)
Batting: RHB António Rojas 0-0: Ball
1-0: Foul Ball, location: 2F
1-1: SINGLE (Groundball, 56D)
Batting: RHB Ryan Beck 0-0: Called Strike
0-1: Ball
1-1: Called Strike
1-2: Foul Ball, location: 2F
1-2: Ball
2-2: Foul Ball, location: 2F
2-2: Ball
3-2: Base on Balls
António Rojas to second
Batting: SHB Vicente Ramírez 0-0: Foul Ball, location: 2F
0-1: Swinging Strike
0-2: Foul Ball, location: 2F
0-2: Foul Ball, location: 2F
0-2: Ball
1-2: Foul Ball, location: 2F
1-2: Foul Ball, location: 2F
1-2: Ball
2-2: Foul Ball, location: 2F
2-2: Foul Ball, location: 2F
2-2: Foul Ball, location: 2F
2-2: Ball
3-2: Reached on error, E4 (Groundball, 4)
António Rojas to third
Ryan Beck to second
Batting: RHB Josh Martin 0-0: Ball
1-0: Called Strike
1-1: Ball
2-1: Foul Ball, location: 2F
2-2: Ball
3-2: DOUBLE (Flyball, 89D)
António Rojas scores
Ryan Beck scores
Vicente Ramírez to third
Batting: RHB Burt Scott 0-0: Ball
1-0: Called Strike
1-1: Fly out, F9 (Flyball, 9S)
Batting: LHB David Hebert 0-0: Called Strike
0-1: Foul Ball, location: 2F
0-2: Strikes out looking
Top of the 3rd over - 2 run(s), 2 hit(s), 1 error(s), 2 left on base; Masconomet HS 2 - Randall HS 0
BOTTOM OF THE 3RD
Randall HS Raiders batting - Pitching for Masconomet HS Chieftans : RHP Luis Aponte
Batting: LHB John Roberts 0-0: Foul Ball, location: 2F
0-1: Foul Ball, location: 2F
0-2: Ball
1-2: Strikes out swinging
Batting: RHB Jesús Salazar 0-0: Called Strike
0-1: Foul Ball, location: 2F
0-2: Strikes out swinging
Batting: RHB Mike Connor 0-0: Ball
1-0: Called Strike
1-1: Foul Ball, location: 2F
1-2: Ball
2-2: Ball
3-2: Ground out 6-3 (Groundball, 6)
Bottom of the 3rd over - 0 run(s), 0 hit(s), 0 error(s), 0 left on base; Masconomet HS 2 - Randall HS 0
TOP OF THE 4TH
Masconomet HS Chieftans batting - Pitching for Randall HS Raiders : RHP Jacob Bowden
Batting: RHB Jack Bowman 0-0: Called Strike
0-1: Fly out, F1 (Line Drive, 13)
Batting: LHB José Gallardo 0-0: Called Strike
0-1: Called Strike
0-2: Ball
1-2: Ball
2-2: Strikes out swinging
Batting: RHB Frank Music 0-0: Ball
1-0: Foul Ball, location: 2F
1-1: Ball
2-1: Foul Ball, location: 2F
2-2: Foul Ball, location: 2F
2-2: Ball
3-2: Base on Balls
Pitching: LHP Pedro Fernández
Batting: RHB António Rojas 0-0: Foul Ball, location: 2F
0-1: Ball
1-1: Ball
2-1: Called Strike
2-2: Ground out 5-3 (Groundball, 56S)
Top of the 4th over - 0 run(s), 0 hit(s), 0 error(s), 1 left on base; Masconomet HS 2 - Randall HS 0
BOTTOM OF THE 4TH
Randall HS Raiders batting - Pitching for Masconomet HS Chieftans : RHP Luis Aponte
Batting: LHB Buddy Jones 0-0: Ball
1-0: SOLO HOME RUN (Flyball, 89XD), Distance : 394 ft
Batting: LHB José Gonzáles 0-0: Ball
1-0: Called Strike
1-1: Ball
2-1: Ball
3-1: Base on Balls
Batting: RHB Stephen McNeely 0-0: Ball
1-0: Foul Ball, location: 2F
1-1: Ball
2-1: Called Strike
2-2: Strikes out swinging
Batting: LHB Luis Antonio Cortéz 0-0: Ball
1-0: Ball
2-0: SINGLE (Line Drive, 4M)
José Gonzáles to second
Runner from 2nd tries for 3rd, SAFE, no throw
Batting: RHB Flynn Roberts 0-0: SINGLE (Line Drive, 56D)
José Gonzáles scores
Luis Antonio Cortéz to second
Batting: RHB Cisco Villa 0-0: Swinging Strike
0-1: 3-RUN HOME RUN (Flyball, 8LXD), Distance : 439 ft
Batting: LHB John Roberts 0-0: Foul Ball, location: 2F
0-1: Fly out, F9 (Flyball, 9)
Batting: RHB Jesús Salazar 0-0: Called Strike
0-1: Ball
1-1: Ball
2-1: Called Strike
2-2: Foul Ball, location: 2F
2-2: Foul Ball, location: 2F
2-2: Foul Ball, location: 2F
2-2: Foul Ball, location: 2F
2-2: Ball
3-2: Foul Ball, location: 2F
3-2: Base on Balls
Pitching: RHP Myron Brown
Batting: RHB Mike Connor 0-0: Ball
1-0: Called Strike
Jesús Salazar steals 2nd base
1-1: Swinging Strike
1-2: Ball
2-2: Foul Ball, location: 2F
2-2: Ball
3-2: Base on Balls
Batting: LHB Buddy Jones 0-0: Called Strike
0-1: Ball
1-1: Ball
2-1: Foul Ball, location: 2F
2-2: Fly out, F9 (Line Drive, 9LM)
Bottom of the 4th over - 5 run(s), 4 hit(s), 0 error(s), 2 left on base; Masconomet HS 2 - Randall HS 5
TOP OF THE 5TH
Masconomet HS Chieftans batting - Pitching for Randall HS Raiders : LHP Pedro Fernández
Batting: RHB Ryan Beck 0-0: Ball
1-0: Called Strike
1-1: Ball
2-1: Swinging Strike
2-2: Strikes out looking
Batting: SHB Vicente Ramírez 0-0: Called Strike
0-1: Foul Ball, location: 2F
0-2: Ball
1-2: Ball
2-2: Ball
3-2: Foul Ball, location: 2F
3-2: Reached on error, E6 (Groundball, 6)
Batting: RHB Josh Martin 0-0: Foul Ball, location: 2F
0-1: Foul Ball, location: 2F
0-2: Ball
1-2: Ball
2-2: Hit by Pitch
Batting: RHB Burt Scott 0-0: Ball
1-0: Called Strike
1-1: Swinging Strike
1-2: Foul Ball, location: 2F
1-2: Strikes out swinging
Batting: LHB David Hebert 0-0: Ball
Passed Ball!
Vicente Ramírez to third
Josh Martin to second
1-0: Called Strike
1-1: Ball
2-1: Foul Ball, location: 2F
2-2: Ball
3-2: Fly out, F7 (Flyball, 7)
Top of the 5th over - 0 run(s), 0 hit(s), 1 error(s), 2 left on base; Masconomet HS 2 - Randall HS 5
BOTTOM OF THE 5TH
Randall HS Raiders batting - Pitching for Masconomet HS Chieftans : RHP Myron Brown
Batting: LHB José Gonzáles 0-0: Foul Ball, location: 2F
0-1: Ball
1-1: Foul Ball, location: 2F
1-2: Ground out 4-3 (Groundball, 4)
Batting: RHB Stephen McNeely 0-0: Called Strike
0-1: Fly out, F9 (Flyball, 9S)
Batting: LHB Luis Antonio Cortéz 0-0: Ball
1-0: Ball
2-0: Ball
3-0: Base on Balls
Batting: RHB Flynn Roberts 0-0: Ball
1-0: SINGLE (Groundball, 6MD)
Luis Antonio Cortéz to second
Runner from 2nd tries for 3rd, SAFE, throw made to third
Batting: RHB Cisco Villa 0-0: SINGLE (Groundball, 3S) (infield hit)
Luis Antonio Cortéz scores
Flynn Roberts to second
Batting: LHB John Roberts 0-0: Ball
1-0: 3-RUN HOME RUN (Flyball, 89XD), Distance : 393 ft
Pitching: RHP Danny Owen
Batting: RHB Jesús Salazar 0-0: Swinging Strike
0-1: Ball
1-1: Foul Ball, location: 2F
1-2: Ball
2-2: SINGLE (Line Drive, 4)
Batting: RHB Mike Connor 0-0: Called Strike
0-1: Called Strike
0-2: Ball
1-2: Ball
2-2: Strikes out swinging
Bottom of the 5th over - 4 run(s), 4 hit(s), 0 error(s), 1 left on base; Masconomet HS 2 - Randall HS 9
TOP OF THE 6TH
Masconomet HS Chieftans batting - Pitching for Randall HS Raiders : LHP Pedro Fernández
Batting: RHB Jack Bowman 0-0: Called Strike
0-1: Ball
1-1: Called Strike
1-2: Strikes out swinging
Batting: LHB José Gallardo 0-0: Called Strike
0-1: Ball
1-1: Ball
2-1: Foul Ball, location: 2F
2-2: Foul Ball, location: 2F
2-2: Ball
3-2: Foul Ball, location: 2F
3-2: Strikes out swinging
Batting: RHB Frank Music 0-0: Ball
1-0: Ball
2-0: Foul Ball, location: 2F
2-1: Fly out, F7 (Line Drive, 7)
Top of the 6th over - 0 run(s), 0 hit(s), 0 error(s), 0 left on base; Masconomet HS 2 - Randall HS 9
BOTTOM OF THE 6TH
Randall HS Raiders batting - Pitching for Masconomet HS Chieftans : RHP Danny Owen
Batting: LHB Buddy Jones 0-0: Foul Ball, location: 2F
0-1: Ball
1-1: Ball
2-1: Called Strike
2-2: Foul Ball, location: 2F
2-2: Foul Ball, location: 2F
2-2: Ball
3-2: Fly out, F8 (Flyball, 89M)
Batting: LHB José Gonzáles 0-0: Foul Ball, location: 2F
0-1: Ball
1-1: Swinging Strike
1-2: Ball
2-2: Strikes out looking
Batting: RHB Stephen McNeely 0-0: Ground out 4-3 (Groundball, 4)
Bottom of the 6th over - 0 run(s), 0 hit(s), 0 error(s), 0 left on base; Masconomet HS 2 - Randall HS 9
TOP OF THE 7TH
Masconomet HS Chieftans batting - Pitching for Randall HS Raiders : LHP Pedro Fernández
Batting: RHB António Rojas 0-0: Called Strike
0-1: Ball
1-1: Ball
2-1: Foul Ball, location: 2F
2-2: Strikes out looking
Batting: RHB Ryan Beck 0-0: Ball
1-0: Called Strike
1-1: Ball
2-1: Foul Ball, location: 2F
2-2: Ball
3-2: Base on Balls
Pitching: RHP Eric Hartley
Batting: SHB Vicente Ramírez 0-0: SINGLE (Groundball, 4MD)
Ryan Beck to second
Runner from 2nd tries for 3rd, SAFE, no throw
Batting: RHB Josh Martin 0-0: Ball
1-0: Foul Ball, location: 2F
1-1: Swinging Strike
1-2: Strikes out looking
Batting: RHB Burt Scott 0-0: Ball
Passed Ball!
Ryan Beck scores
Vicente Ramírez to second
1-0: Ball
2-0: Ball
3-0: Called Strike
3-1: Base on Balls
Batting: LHB David Hebert 0-0: Ball
1-0: Ball
2-0: Fly out, F4 (Line Drive, 4)
Top of the 7th over - 1 run(s), 1 hit(s), 0 error(s), 2 left on base; Masconomet HS 3 - Randall HS 9
BOTTOM OF THE 7TH
Randall HS Raiders batting - Pitching for Masconomet HS Chieftans : RHP Danny Owen
Batting: LHB Luis Antonio Cortéz 0-0: Called Strike
0-1: Foul Ball, location: 2F
0-2: Ball
1-2: Ball
2-2: Ground out 5-3 (Groundball, 56)
Batting: RHB Flynn Roberts 0-0: Fly out, F9 (Flyball, 9LS)
Batting: RHB Cisco Villa 0-0: Called Strike
0-1: Ball
1-1: Foul Ball, location: 2F
1-2: Strikes out swinging
Bottom of the 7th over - 0 run(s), 0 hit(s), 0 error(s), 0 left on base; Masconomet HS 3 - Randall HS 9
TOP OF THE 8TH
Masconomet HS Chieftans batting - Pitching for Randall HS Raiders : RHP Eric Hartley
Batting: RHB Jack Bowman 0-0: Ball
1-0: Foul Ball, location: 2F
1-1: Fly out, F5 (Popup, 5L)
Batting: LHB José Gallardo 0-0: Fly out, F7 (Flyball, 7)
Batting: RHB Frank Music 0-0: Called Strike
0-1: Ball
1-1: DOUBLE (Line Drive, 7LM)
Batting: RHB António Rojas 0-0: Ball
1-0: Fly out, F9 (Flyball, 9LS)
Top of the 8th over - 0 run(s), 1 hit(s), 0 error(s), 1 left on base; Masconomet HS 3 - Randall HS 9
BOTTOM OF THE 8TH
Randall HS Raiders batting - Pitching for Masconomet HS Chieftans : RHP Danny Owen
Batting: LHB John Roberts 0-0: Ball
1-0: Ball
2-0: Ball
3-0: Called Strike
3-1: Foul Ball, location: 2F
3-2: Strikes out swinging
Batting: RHB Jesús Salazar 0-0: Foul Ball, location: 2F
0-1: Ball
1-1: Swinging Strike
1-2: Foul Ball, location: 2F
1-2: Ball
2-2: Ground out 6-3 (Groundball, 6)
Batting: RHB Mike Connor 0-0: Foul Ball, location: 2F
0-1: Ball
1-1: SINGLE (Groundball, 6MD)
Batting: LHB Buddy Jones 0-0: Fielders Choice at 2nd, 4-6 (Groundball, 4)
Bottom of the 8th over - 0 run(s), 1 hit(s), 0 error(s), 0 left on base; Masconomet HS 3 - Randall HS 9
TOP OF THE 9TH
Masconomet HS Chieftans batting - Pitching for Randall HS Raiders : RHP Eric Hartley
Now at C: Derek Hartman
Batting: RHB Ryan Beck 0-0: Ball
1-0: Swinging Strike
1-1: Foul Ball, location: 2F
1-2: Strikes out swinging
Batting: SHB Vicente Ramírez 0-0: Ball
1-0: Ball
2-0: Foul Ball, location: 2F
2-1: Ball
3-1: Foul Ball, location: 2F
3-2: Strikes out swinging
Batting: RHB Josh Martin 0-0: Called Strike
0-1: Ground out 4-3 (Groundball, 4S)
Top of the 9th over - 0 run(s), 0 hit(s), 0 error(s), 0 left on base; Masconomet HS 3 - Randall HS 9
Thursday, March 30th, 2017 - OOTP Baseball 17.12 Build 75